 Dungeon Crawl Stone Soup version 0.29-a0-72-g1732ff48e7 (webtiles) character file.

Game seed: 5898234797669312538

15 HallandMoats the Skirmisher (level 2, -1/16 HPs)
             Began as a Vine Stalker Fighter on Feb 3, 2022.
             Was an Initiate of Ru.
             Slain by a jackal (2 damage)
             ... on level 1 of the Dungeon.
             The game lasted 00:00:47 (594 turns).

HallandMoats the Skirmisher (Vine Stalker Fighter)   Turns: 594, Time: 00:00:47

Health: -1/16      AC:  6    Str: 18    XL:     2   Next: 50%
Magic:  0/3        EV:  9    Int:  8    God:    Ru [......]
Gold:   51         SH:  4    Dex: 13    Spells: 1/1 levels left

rFire   . . .      SeeInvis .   a - +0 trident
rCold   . . .      Faith    .   c - +0 buckler
rNeg    . . .      Spirit   +   b - +0 scale mail
rPois   .          Reflect  .   (no helmet)
rElec   .          Harm     .   (no cloak)
rCorr   .          Rampage  .   (no gloves)
Will    .....                   (no boots)
Stlth   ..........              (no amulet)
HPRegen 0.05/turn               (no ring)
MPRegen 0.08/turn               (no ring)

@: no status effects
A: fangs 2, magic shield, antimagic bite, no potion heal 2, disrupted magic 1
a: Renounce Religion


You were on level 1 of the Dungeon.
You worshipped Ru.
Ru was noncommittal.
You visited 1 branch of the dungeon, and saw 1 of its levels.

You collected 51 gold pieces.

Inventory:

Hand Weapons
 a - a +0 trident (weapon)
Armour
 b - a +0 scale mail (worn)
 c - a +0 buckler (worn)
 g - a +0 helmet
Scrolls
 e - a scroll of magic mapping {unknown}
 f - a scroll of vulnerability {unknown}
Potions
 d - a potion of might


   Skills:
 * Level 2.8 Fighting
 * Level 2.0 Polearms
 + Level 2.5 Armour
 + Level 0.2 Dodging
 + Level 2.8 Shields
 * Level 0.6 Invocations


You had one spell level left.
You didn't know any spells.
Your spell library was empty.

Dungeon Overview and Level Annotations

Branches:
Dungeon (1/15)

Altars:
Ru


Innate Abilities, Weirdness & Mutations

You have extremely sharp teeth.
When hurt, damage is shared between your health and your magic reserves.
Your bite disrupts and absorbs the magic of your enemies.
Potions cannot restore your health.
Your casting is slightly disrupted.


Message History

The giant cockroach bites you but does no damage.
The jackal bites you but does no damage.
The jackal barely misses you.
Unknown command.
The jackal completely misses you.
The giant cockroach bites you but does no damage. x2
The jackal closely misses you.
The giant cockroach bites you but does no damage.
The jackal barely misses you. You block the jackal's attack.
The giant cockroach closely misses you.
Unknown command.
The jackal barely misses you. The giant cockroach bites you.
You block the giant cockroach's attack. The jackal barely misses you.
The jackal bites you but does no damage.
The jackal closely misses you.
The giant cockroach bites you but does no damage.
The giant cockroach waves its antennae.
The giant cockroach bites you but does no damage.
The jackal bites you but does no damage.
The giant cockroach bites you but does no damage.
The jackal closely misses you. The jackal bites you.
The giant cockroach barely misses you.
The giant cockroach bites you but does no damage.
The jackal bites you.
* * * LOW HITPOINT WARNING * * *
The jackal barely misses you. You block the giant cockroach's attack.
The jackal bites you but does no damage.
You block the jackal's attack. You block the giant cockroach's attack.
The jackal bites you but does no damage.
The giant cockroach barely misses you. x2; The jackal barely misses you.
Unknown command.
The jackal bites you.
* * * LOW HITPOINT WARNING * * *
The jackal bites you but does no damage.
The giant cockroach bites you.
* * * LOW HITPOINT WARNING * * *
The giant cockroach bites you but does no damage. x2
The jackal bites you but does no damage.
The jackal bites you.
You die...

......######.....................
......# #.###############.....
......# #.#.............#.....
......######.#...rr.r......#.....
.............# ..wBwrr.... #.....
###########(.#######w#######.....
#..#..rJrJh......#.....
##.'⌠Bhhr###....⌠+.....
#.#..@hB.<......#..... # #######
#.#..BB..>...⌠..#..... # #.....#
#.###'#######'###.....
####.....###.....................
...................##...##.......
####.....########......###..>....
# #.....# #.####..#........ #
#.....# #.# ##.#.##..... #
####### #.# ##..#..###...


You could see 2 worms, 2 endoplasms, 4 jackals, 4 giant cockroaches and 6 rats.

Vanquished Creatures
  2 bats (D:1)
  2 endoplasms (D:1)
  A goblin (D:1)
  A hobgoblin (D:1)
  3 quokkas (D:1)
  A ball python (D:1)
  A frilled lizard (D:1)
  A kobold (D:1)
  A rat (D:1)
13 creatures vanquished.

Notes
Turn   | Place    | Note
-------+----------+-------------------------------------------
     0 | D:1      | HallandMoats the Vine Stalker Fighter began the quest for
                  | the Orb.
     0 | D:1      | Reached XP level 1. HP: 11/11 MP: 2/2
     1 | D:1      | Found a runed translucent door.
   123 | D:1      | Reached XP level 2. HP: 16/16 MP: 3/3
   182 | D:1      | Found a faded altar of an unknown god.
   230 | D:1      | Prayed at the altar of an unknown god.
   230 | D:1      | Became a worshipper of Ru the Awakened
   244 | D:1      | Gained mutation: Your casting is slightly disrupted. [Ru
                  | sacrifice]
   594 | D:1      | Slain by a jackal

Illustrated notes

Levels and vault maps discovered:
D:1:      dpeg_arrival_caged_fury, layout_rooms,
          hellmonk_ecumenical_altar_leap_of_faith, interstate_on_off,
          minmay_misc_feat_rows, minivault_26, serial_park_tiny_pond,
          minmay_tetromino_t2

Skill      XL: |  1  2 |
---------------+-------+-----
Polearms       | 2 |  2.0
Fighting       | |  2.8
Armour         | |  2.5
Dodging        | |  0.2
Shields        | |  2.8
Invocations    | |  0.6

Action                   || total
-------------------------++-------
Melee: Trident           ||    27
       Bite              ||     4
Invok: Sacrifice Essence ||     1
Armor: Scale mail        ||    43
Dodge: Dodged            ||    42
Block: Buckler           ||    13

Table legend: (Time is in decaauts)
 A = Elapsed time spent in this place.
 B = Non-inter-level travel time spent in this place.
 C = Inter-level travel time spent in this place.
 D = Time resting spent in this place.
 E = Time spent auto-exploring this place.
 F = Levels seen in this place.
 G = Mean time per level.
                   A        B        C        D        E       F      G
               +--------+--------+--------+--------+--------+-----+--------+
         Total |    601 |    601 |      0 |      0 |    484 |   1 |  601.0 |
       Dungeon |    601 |    601 |      0 |      0 |    484 |   1 |  601.0 |
               +--------+--------+--------+--------+--------+-----+--------+

Top non-repeatable levels by time:
     D:1: 601 daAuts
